 Dungeon Crawl Stone Soup version 0.19.0-2-gae57169 (webtiles) character file.

112862 Jorund the Thaumaturge (level 16, -27/103 HPs)
             Began as an Octopode Earth Elementalist on Nov 2, 2016.
             Was the Champion of Vehumet.
             Annihilated by a bone dragon (28 damage)
             ... on level 2 of the Abyss.
             The game lasted 01:57:53 (28430 turns).

Jorund the Thaumaturge (OpEE)                      Turns: 28430, Time: 01:57:54

Health: -27/103    AC:  9    Str:  8    XL:     16   Next: 61%
Magic:  1/43       EV: 17    Int: 26    God:    Vehumet [******]
Gold:   3207       SH:  5    Dex: 13    Spells: 10 memorised, 5 levels left

rFire  + . .     SeeInvis .     X - +5 scimitar of Facreyqa {drain, rElec rF+ Int+3}
rCold  + . .     Gourm    .     m - +0 buckler {AC+3}
rNeg   . . .     Faith    .     e - +2 hat
rPois  .         Spirit   .     f - amulet of magic regeneration
rElec  +         Reflect  .     R - ring of protection from magic
rCorr  +         Harm     .     V - ring of magical power
MR     ++...                    v - ring of resist corrosion
Stlth  +++.......               B - +3 ring of protection
                                U - +2 ring of intelligence
                                w - ring of protection from cold
                                (no ring)
                                (no ring)

@: no status effects
A: almost no armour, stealthy swim, amphibious, 8 rings, constrict 8, camouflage
1, dopey 1, gelatinous body 1
a: Renounce Religion


You were on level 2 of the Abyss.
You worshipped Vehumet.
Vehumet was exalted by your worship.
You were not hungry.

You visited 6 branches of the dungeon, and saw 26 of its levels.
You visited the Abyss 1 time.
You also visited: Labyrinth.

You collected 3207 gold pieces.

Inventory:

Hand Weapons
 d - a +1 demon whip of flaming
 X - the +5 scimitar of Facreyqa (weapon) {drain, rElec rF+ Int+3}
   (You found it in a labyrinth)

   A truly terrible weapon, it drains the life of those it strikes.
   It affects your intelligence (+3).
   It protects you from fire.
   It insulates you from electricity.
Missiles
 y - 2 throwing nets (quivered)
 C - 369 stones
Armour
 e - a +2 hat (worn)
 m - a +0 buckler of protection (worn)
Magical Staves
 Y - an uncursed staff of conjuration
Rods
 S - a +2 rod of ignition (11/11)
   (You found it in a labyrinth)
 W - a +5 rod of shadows (12/12)
   (You found it in a labyrinth)
Jewellery
 f - an amulet of magic regeneration (around mantle)
 r - a +4 amulet of reflection
 v - a ring of resist corrosion (on tentacle)
 w - a ring of protection from cold (on tentacle)
 B - a +3 ring of protection (on tentacle)
 P - the ring "Koushiev" {Ice rN++}
   (You acquired it on level 14 of the Dungeon)

   [ring of ice]

   It enhances your ice magic.
   It makes you vulnerable to fire.
   It protects you from cold.
   It greatly protects you from negative energy.
 R - a ring of protection from magic (left tentacle)
 U - a +2 ring of intelligence (on tentacle)
 V - a ring of magical power (right tentacle)
Wands
 A - a wand of digging (13/24)
Scrolls
 a - 12 scrolls of remove curse
 j - a scroll of fog
 k - 3 scrolls of magic mapping
 o - a scroll of holy word
 p - a scroll of enchant weapon
 t - 6 scrolls of fear
 u - 2 scrolls of blinking
 x - 4 scrolls of recharging
 Q - 3 scrolls of amnesia
Potions
 b - a potion of mutation
 g - 2 potions of brilliance
 l - a potion of agility
 n - 3 potions of ambrosia
 q - 5 potions of curing
 s - 3 potions of flight
 D - a potion of degeneration {unknown}
 F - 3 potions of invisibility
 J - 2 potions of might
 N - a potion of cure mutation
 Z - a potion of berserk rage
Miscellaneous
 G - 2 phantom mirrors
 M - a fan of gales
 T - a lamp of fire
Comestibles
 c - 9 bread rations
 h - 14 meat rations
 i - 4 beef jerkies
 z - 18 fruits
 K - 8 slices of pizza


   Skills:
 - Level 7.0 Fighting
   Level 4.0(5.7) Short Blades
 + Level 6.3(6.9) Long Blades
 + Level 7.5 Dodging
 * Level 2.6 Stealth
 - Level 5.0 Shields
 - Level 14.0 Spellcasting
 - Level 14.0 Conjurations
 - Level 1.0 Transmutations
 - Level 0.4 Fire Magic
 - Level 14.0 Earth Magic
 * Level 8.3 Evocations


You had 5 spell levels left.
You knew the following spells:

 Your Spells              Type           Power        Failure   Level  Hunger
a - Sandblast             Erth           ######       0%          1    None
b - Stone Arrow           Conj/Erth      ######       1%          3    None
c - Passwall              Tmut/Erth      ######....   1%          2    None
d - Petrify               Tmut/Erth      ######..     1%          4    None
e - Lee's Rapid Deconstr  Erth           ######....   1%          5    ##.....
f - Iskenderun's Mystic   Conj           ######..     1%          4    None
g - Mephitic Cloud        Conj/Pois/Air  #####...     1%          3    None
h - Iskenderun's Battles  Conj/Chrm      ######..     1%          5    ##.....
i - Iron Shot             Conj/Erth      ######....   1%          6    ####...
j - Bolt of Magma         Conj/Fire/Erth ######....   1%          5    ##.....


Dungeon Overview and Level Annotations

Branches:
Dungeon (15/15)            Temple (1/1) D:7            Lair (6/6) D:9
  Swamp (1/4) Lair:4       Spider (0/4) Lair:3        Slime (0/5) Lair:6
    Orc (2/2) D:10            Elf (1/3) Orc:2        Vaults (0/5) D:13
 Depths (0/5) D:15

Altars:
Ashenzari
Cheibriados
Dithmenos
Elyvilon
Fedhas
Gozag
Hepliaklqana
Kikubaaqudgha
Makhleb
Nemelex Xobeh
Okawaru
Qazlal
Ru
Sif Muna
Trog
Uskayaw
Vehumet
Xom
Yredelemnul
Zin
The Shining One
Beogh
Jiyva
Lugonu

Shops:
Orc:2 (%}[

Portals:
Hell: Lair:6

Annotations:
D:8 Maurice
D:9 exclusion: rust devil
Lair:6 1 runed door
Swamp:1 Jerry's ghost, journeyman DDGl


Innate Abilities, Weirdness & Mutations

You cannot wear most types of armour.
You are very stealthy in the water. (Stealth+)
You are amphibious.
You can wear up to eight rings at the same time.
You can use your tentacles to constrict eight enemies at once.
Your skin changes colour to match your surroundings (Stealth+).
Your rubbery body absorbs attacks. (AC +1, EV +1)
[You are dopey. (Int -2)]


Message History

Press: ? - help, Shift-Dir - straight line, f/p - bone dragon
Aim: a bone dragon (almost destroyed)
The iron shot hits the bone dragon.
The bone dragon is almost destroyed.
The bone dragon bites you!
* * * LOW HITPOINT WARNING * * *
The bone dragon claws you!
* * * LOW HITPOINT WARNING * * *
The bone dragon tramples you.
* * * LOW HITPOINT WARNING * * *
You hold your ground!
Casting: Iron Shot
Confirm with . or Enter, or press ? or * to list all spells.
Aiming: Stone Arrow
Press: ? - help, Shift-Dir - straight line, f/p - bone dragon
Aim: a bone dragon (almost destroyed)
The stone arrow hits the bone dragon.
The bone dragon is almost destroyed.
The bone dragon bites you!!
You die...

#.....#
#..#....# ## #
#..# .
#######.##
#.##..#. .. ..
#ยง. ....#####
##..# ##
#...##.#.#.# #
##.) .. #
##.#.#### #. #
. #....##.##..#
#
#....##@D....#
#.#..#....#####
##.......##
..#.#..###
..#..#.# ..
.....# ###..
.#_


You could see a bone dragon.

Vanquished Creatures
  A balrug (Abyss:2)
  Snorg (Lair:5)
  Josephine (Orc:2)
  A minotaur (Lab)
  An ice dragon (Lair:4)
  4 rakshasas (D:15)
  12 hydras
  2 centaur warriors
  2 dancing weapons (D:13)
  A death yak (Lair:6)
  An orc high priest (Orc:2)
  A spriggan (Swamp:1)
  2 wretched stars (Abyss:2)
  2 sixfirhies
  A deep elf knight (Elf:1)
  A glowing orange brain (D:15)
  A swamp dragon (Swamp:1)
  4 unseen horrors
  2 deep elf archers (Elf:1)
  2 wizards
  4 orc knights (Orc:2)
  6 hill giants
  An orb spider (shapeshifter) (D:14)
  21 deep elf magi
  A wolf spider (D:14)
  An anaconda skeleton (Abyss:2)
  A cyclops (D:15)
  9 ugly things
  A salamander (Abyss:2)
  22 elephants (Lair:6)
  A manticore (D:13)
  A worldbinder (Abyss:2)
  A guardian serpent (Abyss:2)
  10 black mambas
  4 orange demons (Lair:6)
  9 spiny frogs
  2 large abominations (Abyss:2)
  2 smoke demons
  A torpor snail (Lair:6)
  3 komodo dragons
  4 rime drakes (Lair:6)
  2 kobold demonologists
  An efreet (D:15)
  3 hellwings
  3 ice devils (Lair:6)
  2 ancient zymes (Abyss:2)
  A demonic crawler (Abyss:2)
  A tengu conjurer (D:14)
  3 meliai (D:15)
  6 trolls
  A polar bear (shapeshifter) (D:14)
  A hornet (Swamp:1)
  Grinder (D:3)
  A raiju (Abyss:2)
  17 blink frogs
  12 hippogriffs
  9 slime creatures
  12 dream sheep
  4 redbacks (Lair:3)
  6 wraiths
  2 shadows (D:15)
  7 basilisks
  2 wyverns
  42 yaks
  A hungry ghost (D:13)
  Menkaure (D:4)
  2 swamp worms (Swamp:1)
  2 vampire mosquitoes (Swamp:1)
  5 insubstantial wisps (Swamp:1)
  2 wargs (Orc:2)
  A soldier ant (D:11)
  A hell hound (Lair:6)
  15 water moccasins
  4 porcupines
  A swamp drake (Swamp:1)
  3 eyes of draining
  2 hornet zombies
  6 ice beasts
  44 orc warriors
  3 phantoms
  17 ogres
  A necrophage (D:9)
  A black bear (Lair:4)
  4 sky beasts
  12 wolves
  13 centaurs
  12 crocodiles
  4 boggarts (D:15)
  A crocodile (shapeshifter) (D:15)
  8 big kobolds
  2 small abominations (Abyss:2)
  A wyvern zombie (D:10)
  25 bullfrogs
  A wyvern skeleton (D:14)
  5 scorpions
  A water moccasin skeleton (D:9)
  13 killer bees
  14 wights
  5 howler monkeys
  An electric eel (Lair:6)
  3 crimson imps
  2 quasits
  4 centaur zombies
  18 hounds
  9 centaur skeletons
  6 jellies
  13 orc priests
  25 orc wizards
  3 iguanas
  4 hell rats (Lair:6)
  5 worker ants
  A hound skeleton (D:4)
  A hound zombie (D:7)
  22 adders
  6 gnolls
  3 shadow imps
  A white imp (Abyss:2)
  An ooze (D:2)
  2 adder skeletons
  7 worms
  5 dart slugs
  3 leopard geckos
  91 orcs
  10 bats
  6 giant cockroaches
  8 goblins
  8 hobgoblins
  4 jackals (D:1)
  7 quokkas
  2 ball pythons
  5 frilled lizards
  15 kobolds
  A leopard gecko skeleton (D:5)
  11 rats
833 creatures vanquished.

Vanquished Creatures (collateral kills)
  An ice dragon (shapeshifter) (D:15)
1 creature vanquished.

Vanquished Creatures (others)
  9 fungi (Lair:6)
  9 plants
  2 starspawn tentacles (Abyss:2)
20 creatures vanquished.

Grand Total: 854 creatures vanquished

Notes
Turn   | Place    | Note
-------+----------+-------------------------------------------
     0 | D:1      | Jorund the Octopode Earth Elementalist began the quest for the Orb.
     0 | D:1      | Reached XP level 1. HP: 11/11 MP: 3/3
   210 | D:1      | Reached XP level 2. HP: 9/17 MP: 0/5
   724 | D:1      | Reached XP level 3. HP: 21/21 MP: 6/6
  1316 | D:2      | Reached XP level 4. HP: 27/27 MP: 4/8
  1351 | D:2      | Reached skill level 1 in Short Blades
  1364 | D:2      | Found an iron altar of Okawaru.
  1853 | D:3      | Noticed Grinder
  1870 | D:3      | Reached XP level 5. HP: 31/31 MP: 9/9
  2719 | D:3      | Killed Grinder
  2719 | D:3      | Reached skill level 5 in Earth Magic
  2719 | D:3      | Reached XP level 6. HP: 14/36 MP: 4/12
  2919 | D:4      | Noticed a phantom
  2962 | D:4      | Killed a phantom
  2962 | D:4      | Reached XP level 7. HP: 17/41 MP: 5/13
  3161 | D:4      | Noticed Menkaure
  3170 | D:4      | Killed Menkaure
  3184 | D:4      | Reached skill level 5 in Spellcasting
  3458 | D:4      | Learned a level 3 spell: Stone Arrow
  3461 | D:4      | Learned a level 2 spell: Passwall
  3462 | D:5      | Entered Level 5 of the Dungeon
  3497 | D:5      | Got a bloodstained war axe
  3498 | D:5      | Identified the +6 war axe of Juefus {venom, *Drain Str+6} (You found it on level 5 of the Dungeon)
  3946 | D:5      | Reached XP level 8. HP: 38/46 MP: 12/16
  4515 | D:5      | Reached skill level 1 in Conjurations
  5335 | D:6      | Reached XP level 9. HP: 51/51 MP: 16/19
  6379 | D:7      | Found a staircase to the Ecumenical Temple.
  6477 | Temple   | Entered the Ecumenical Temple
  6483 | Temple   | Learned a level 4 spell: Petrify
  6663 | Temple   | Became a worshipper of Vehumet
  6723 | D:7      | Learned a level 5 spell: Lee's Rapid Deconstruction
  6726 | D:8      | Noticed Maurice
  7510 | D:9      | Reached XP level 10. HP: 56/56 MP: 16/22
  7657 | D:9      | Found a staircase to the Lair.
  7975 | D:9      | Noticed a hell beast
  7976 | D:9      | Found a corrupted altar of Lugonu.
  7977 | D:9      | Noticed an orange demon
  7977 | D:9      | Noticed a rust devil
  7977 | D:9      | Noticed a rust devil
  8132 | D:9      | Reached * piety under Vehumet
  8132 | D:9      | Offered knowledge of Freeze by Vehumet.
  8286 | D:9      | Reached skill level 5 in Conjurations
  8474 | D:9      | Learned a level 4 spell: Iskenderun's Mystic Blast
  8822 | D:9      | Noticed a three-headed hydra
  8835 | D:9      | Killed a three-headed hydra
  8890 | D:9      | Reached ** piety under Vehumet
  8919 | D:9      | Offered knowledge of Shock by Vehumet.
  8930 | D:9      | Reached skill level 10 in Earth Magic
  8971 | D:9      | Reached XP level 11. HP: 41/61 MP: 1/24
  9096 | D:10     | Entered Level 10 of the Dungeon
  9110 | D:10     | Reached skill level 10 in Spellcasting
  9295 | D:10     | Found a stormy altar of Qazlal.
  9295 | D:10     | Noticed a hill giant
  9335 | D:10     | Reached skill level 1 in Shields
  9434 | D:10     | Offered knowledge of Throw Flame by Vehumet.
  9521 | D:10     | Found a staircase to the Orcish Mines.
  9529 | D:10     | Found a roughly hewn altar of Beogh.
  9635 | D:10     | Reached *** piety under Vehumet
  9979 | D:10     | Offered knowledge of Mephitic Cloud by Vehumet.
 10442 | Lair:1   | Entered Level 1 of the Lair of Beasts
 10449 | Lair:1   | Learned a level 3 spell: Mephitic Cloud
 10455 | Lair:1   | Learned a level 5 spell: Iskenderun's Battlesphere
 11586 | Lair:2   | Reached **** piety under Vehumet
 11637 | Lair:2   | Noticed an eight-headed hydra
 12370 | Lair:3   | Offered knowledge of Yara's Violent Unravelling by Vehumet.
 12512 | Lair:3   | Found a hole to the Spider Nest.
 12716 | Lair:3   | Reached XP level 12. HP: 66/66 MP: 14/26
 13768 | Lair:4   | Killed an eight-headed hydra
 13840 | Lair:4   | Noticed an eight-headed hydra
 13848 | Lair:4   | Killed an eight-headed hydra
 13929 | Lair:4   | Reached skill level 10 in Conjurations
 13950 | Lair:4   | Reached ***** piety under Vehumet
 13950 | Lair:4   | Reached skill level 5 in Shields
 13987 | Lair:4   | Offered knowledge of Iron Shot by Vehumet.
 14189 | Lair:4   | Found a staircase to the Swamp.
 14431 | Lair:4   | Noticed a seven-headed hydra
 14434 | Lair:4   | Killed a seven-headed hydra
 14494 | Lair:4   | Noticed an ice dragon
 14598 | Lair:4   | Learned a level 6 spell: Iron Shot
 14679 | Lair:5   | Noticed Snorg
 14898 | Lair:5   | Killed Snorg
 14904 | Lair:5   | Reached XP level 13. HP: 53/71 MP: 9/29
 14959 | Lair:5   | Found a labyrinth entrance.
 14968 | Lab      | Entered a labyrinth
 15254 | Lab      | Noticed a minotaur
 15259 | Lab      | Killed a minotaur
 15267 | Lab      | Got a dazzling scimitar
 15276 | Lab      | Identified the +5 scimitar of Facreyqa {drain, rElec rF+ Int+3} (You found it in a labyrinth)
 15293 | Lair:5   | Identified a +2 rod of ignition (11/11) (You found it in a labyrinth)
 15294 | Lair:5   | Identified a +5 rod of shadows (12/12) (You found it in a labyrinth)
 15667 | Lair:6   | Entered Level 6 of the Lair of Beasts
 16363 | Lair:6   | Reached skill level 5 in Dodging
 16838 | Lair:6   | Offered knowledge of Poisonous Cloud by Vehumet.
 17184 | Lair:6   | Reached XP level 14. HP: 76/76 MP: 22/31
 17866 | Lair:6   | Reached skill level 1 in Long Blades
 17943 | Lair:6   | Found a runed door.
 17944 | Lair:6   | Found a viscous altar of Jiyva.
 17947 | Lair:6   | Found a staircase to the Slime Pits.
 18259 | Lair:6   | Found a burning altar of Makhleb.
 18574 | Lair:6   | Found a gateway to Hell.
 18979 | Lair:4   | Got a steaming arbalest
 18986 | Lair:4   | Identified the +5 arbalest "Coud Ling" {penet, Int+3} (You found it on level 4 of the Lair of Beasts)
 19298 | D:11     | Reached skill level 1 in Fighting
 19298 | D:11     | Reached skill level 1 in Evocations
 20249 | D:12     | Found a stormy altar of Qazlal.
 20888 | D:13     | Got a scorched hand axe
 20938 | D:13     | Offered knowledge of Bolt of Magma by Vehumet.
 20951 | D:13     | Reached XP level 15. HP: 85/85 MP: 23/33
 20995 | D:13     | Found a gate to the Vaults.
 21399 | D:13     | Learned a level 5 spell: Bolt of Magma
 22351 | D:14     | Identified a scroll of acquirement
 22352 | D:14     | Got a smoking platinum ring
 22355 | D:14     | Identified the ring "Koushiev" {Ice rN++} (You acquired it on level 14 of the Dungeon)
 22359 | D:15     | Entered Level 15 of the Dungeon
 22633 | D:15     | Reached skill level 5 in Evocations
 23303 | D:15     | Reached ****** piety under Vehumet
 23667 | D:15     | Found a staircase to the Depths.
 24056 | Orc:1    | Entered Level 1 of the Orcish Mines
 24270 | Orc:1    | Offered knowledge of Delayed Fireball by Vehumet.
 24458 | Orc:2    | Entered Level 2 of the Orcish Mines
 24783 | Orc:2    | Found a staircase to the Elven Halls.
 25403 | Orc:2    | Noticed Josephine
 25406 | Orc:2    | Killed Josephine
 25406 | Orc:2    | Reached XP level 16. HP: 97/97 MP: 8/34
 25454 | Orc:2    | Reached skill level 5 in Fighting
 25777 | Orc:2    | Found Munuwoff's Food Shoppe.
 25777 | Orc:2    | Found Lohegomei's Gadget Boutique.
 25777 | Orc:2    | Found Utsufa's Armour Shop.
 25868 | Orc:2    | Found Wossahyr's Antique Weapon Emporium.
 26307 | Swamp:1  | Entered Level 1 of the Swamp
 26402 | Swamp:1  | Noticed Jerry's ghost (journeyman DDGl)
 26725 | Elf:1    | Entered Level 1 of the Elven Halls
 26997 | Elf:1    | Reached skill level 5 in Long Blades
 27475 | Elf:1    | Cast into level 2 of the Abyss (a deep elf demonologist)
 27570 | Abyss:2  | Noticed a profane servitor
 27789 | Abyss:2  | Offered knowledge of Poison Arrow by Vehumet.
 27959 | Abyss:2  | Noticed a tentacled starspawn
 28417 | Abyss:2  | Found an opulent altar of Gozag.
 28420 | Abyss:2  | Noticed a bone dragon
 28429 | Abyss:2  | HP: 1/103 [bone dragon (6)]
 28430 | Abyss:2  | Annihilated by a bone dragon

Skill      XL: |  1  2  3  4  5  6  7  8  9 10 11 12 13 14 15 16 |
---------------+-------------------------------------------------+-----
Earth Magic    | 4 5 6 7 9 10 11 12 13 14 | 14.0
Short Blades   | 1 2 3 4 |  4.0
Spellcasting   | 3 4 5 6 8 9 10 12 13 14 | 14.0
Conjurations   | 2 4 6 9 10 11 12 13 14 | 14.0
Shields        | 3 5 |  5.0
Dodging        | 3 5 7 |  7.5
Long Blades    | 2 4 6 |  6.3
Fighting       | 2 4 7 |  7.0
Evocations     | 2 6 8 |  8.3
Stealth        | |  2.6
Transmutations | |  1.0
Fire Magic     | |  0.4

Action                   |  1- 3 |  4- 6 |  7- 9 | 10-12 | 13-15 | 16-18 || total
-------------------------+-------+-------+-------+-------+-------+-------++-------
Melee: Whip              |    19 |       |       |       |       |       ||    19
       Constrict         |    16 |    10 |    21 |    31 |    35 |     8 ||   121
       Tentacles         |     3 |     6 |    19 |    23 |    24 |     6 ||    81
       Dagger            |    26 |    48 |    96 |   133 |       |       ||   303
       Scimitar          |       |       |       |       |   115 |    33 ||   148
Throw: Javelin           |       |       |     1 |       |       |       ||     1
 Cast: Sandblast         |    20 |    39 |   133 |    87 |    17 |     3 ||   299
       Stone Arrow       |       |       |    13 |   243 |   464 |    54 ||   774
       Iskenderun's Batt |       |       |       |    20 |    86 |    12 ||   118
       Iskenderun's Myst |       |       |       |     8 |    76 |    31 ||   115
       Iron Shot         |       |       |       |       |   100 |    72 ||   172
       Bolt of Magma     |       |       |       |       |    21 |     9 ||    30
Evoke: Wand              |       |       |     6 |     6 |     1 |     3 ||    16
       Rod               |       |       |       |       |     3 |       ||     3
  Use: Scroll            |       |     4 |    17 |     5 |    14 |     6 ||    46
       Potion            |       |     1 |     4 |     1 |     6 |     3 ||    15
 Stab: Sleeping          |     2 |    11 |     7 |     5 |     4 |       ||    29
       Distracted        |       |       |       |     1 |       |       ||     1
  Eat: Chunk             |     1 |     4 |    13 |    21 |    45 |    12 ||    96
       Fruit             |       |       |     1 |     7 |     8 |     2 ||    18
       Bread ration      |       |       |       |       |     1 |       ||     1
       Beef jerky        |       |       |       |       |       |     2 ||     2
       Meat ration       |       |       |       |       |       |     1 ||     1
Armor: Skin              |     4 |     3 |     5 |     4 |    38 |    21 ||    75
Dodge: Dodged            |    28 |    27 |    74 |   129 |   179 |    75 ||   512
Block: Buckler           |       |       |       |     4 |    62 |    27 ||    93
       Rpst.: Scimitar   |       |       |       |       |    44 |    15 ||    59
